 Dungeon Crawl Stone Soup version 0.18.1-50-g88ac8fd (webtiles) character file.

1234 Peloso the Skirmisher (level 8, -2/68 HPs)
             Began as a Ghoul Fighter on Oct 28, 2016.
             Slain by a scorpion (4 damage)
             ... on level 6 of the Dungeon.
             The game lasted 00:15:04 (4493 turns).

Peloso the Skirmisher (Ghoul Fighter)               Turns: 4493, Time: 00:15:05

Health: -2/68      AC: 12    Str: 20    XL:     8   Next: 48%
Magic:  7/7        EV:  5    Int:  3    God:
Gold:   353        SH: 10    Dex: 10    Spells: 0 memorised, 7 levels left

rFire  . . .     SeeInvis .     z - -3 flail (curse)
rCold  + . .     Gourm    .     y - +0 plate armour
rNeg   + + +     Faith    .     c - +1 shield
rPois  ∞         Spirit   .     (no helmet)
rElec  .         Dismiss  .     (no cloak)
rCorr  .         Reflect  .     (no gloves)
SustAt .         Harm     .     (no boots)
MR     .....                    (no amulet)
Stlth  ..........               w - +2 ring of slaying
                                s - ring of loudness (curse)

@: rotting, not resistant to hostile enchantments, extremely unstealthy
A: rotting body, claws 1, carnivore 3, cold resistance 1, negative energy
resistance 3, slow regeneration 1, torment resistance, unbreathing
a: no special abilities


You were on level 6 of the Dungeon.
You were not hungry.

You visited 2 branches of the dungeon, and saw 7 of its levels.

You collected 395 gold pieces.
You spent 42 gold pieces at shops.

Inventory:

Hand Weapons
 a - a +1 long sword
 z - a cursed -3 flail (weapon)
 B - a cursed -1 short sword
Armour
 b - a +0 scale mail
 c - a +1 shield (worn)
 y - a +0 plate armour (worn)
Jewellery
 h - an uncursed amulet of dismissal
 j - an uncursed ring of sustain attributes
 k - an uncursed ring of positive energy
 s - a cursed ring of loudness (left claw)
 w - a +2 ring of slaying (right claw)
Wands
 i - a wand of enslavement (12/24)
Scrolls
 g - 6 scrolls of enchant weapon
 p - a scroll of recharging
 r - 2 scrolls of teleportation
 t - 3 scrolls of identify
 v - a scroll of enchant armour
Potions
 d - a potion of cure mutation {unknown}
 e - a potion of agility {unknown}
 l - 4 potions of curing
 o - a potion of brilliance {unknown}
 q - a potion of invisibility {unknown}
 x - 2 potions of lignification {unknown}
Books
 m - a book of Air

   Spells                             Type                      Level
   a - Shock                          Conjuration/Air              1
   b - Swiftness                      Charms/Air                   2
   c - Repel Missiles                 Charms/Air                   2
   d - Static Discharge               Conjuration/Air              3
   e - Lightning Bolt                 Conjuration/Air              5
Comestibles
 f - a meat ration


   Skills:
 + Level 5.2 Fighting
 + Level 4.3 Long Blades
 + Level 0.6 Maces & Flails
 + Level 4.7 Armour
 + Level 3.5 Dodging
 + Level 1.6 Stealth
 + Level 5.1 Shields


You had 7 spell levels left.
You didn't know any spells.

Dungeon Overview and Level Annotations

Branches:
Dungeon (6/15)             Temple (1/1) D:5

Altars:
Ashenzari
Cheibriados
Kikubaaqudgha
Nemelex Xobeh
Pakellas
Ru
Vehumet
Xom
Yredelemnul
Zin

Shops:
D:4 !


Innate Abilities, Weirdness & Mutations

Your body is rotting away.
You thrive on raw meat.
You are immune to poison.
You have sharp fingernails.
You are carnivorous and can eat meat at any time.
Your flesh is cold resistant.
You are immune to negative energy.
You regenerate slowly when monsters are visible.
You are immune to unholy pain and torment.
You can survive without breathing.


Message History

You hit the scorpion.
The scorpion is severely wounded.
The scorpion stings you but does no damage.
You hit the scorpion.
The scorpion is almost dead.
The scorpion stings you.
* * * LOW HITPOINT WARNING * * *
Your shield and plate armour prevent you from hitting the scorpion.
The scorpion is severely wounded.
The scorpion stings you.
* * * LOW HITPOINT WARNING * * *
The scorpion stings you!
* * * LOW HITPOINT WARNING * * *
You hit the scorpion but do no damage.
The scorpion is severely wounded.
You block the scorpion's attack.
You hit the scorpion but do no damage.
The scorpion is severely wounded.
The scorpion stings you.
You die...

<.o. #+#..oo
.....#
####.....#
#........#
#........#
#..†#+#####
#.%.#.#...#
###...#.#@#)####
#.......#s#....#
#.####o........#
#% #.##.##...# #
#.##.....##
#.######## #.#
..# ###


You could see a scorpion.

Vanquished Creatures
  Grinder (D:4)
  Sigmund (D:5)
  Duvessa (D:5)
  2 phantoms
  A giant frog (D:6)
  Blork the orc (D:4)
  A scorpion (D:6)
  Dowan (D:5)
  A centaur zombie (D:5)
  2 orc priests
  An orc wizard (D:6)
  A hound skeleton (D:5)
  7 gnolls
  3 adders
  3 oozes
  2 adder skeletons
  6 giant geckos
  15 orcs
  2 ball pythons (D:3)
  7 giant cockroaches
  9 goblins
  11 hobgoblins
  8 jackals
  12 kobolds
  3 bats
  5 giant newts
  6 rats
113 creatures vanquished.

Notes
Turn   | Place    | Note
--------------------------------------------------------------
     0 | D:1      | Peloso the Ghoul Fighter began the quest for the Orb.
     0 | D:1      | Reached XP level 1. HP: 19/19 MP: 0/0
    81 | D:1      | Reached XP level 2. HP: 21/26 MP: 1/1
   369 | D:1      | Reached XP level 3. HP: 12/33 MP: 2/2
  1150 | D:2      | Reached skill level 1 in Dodging
  1150 | D:2      | Reached XP level 4. HP: 40/40 MP: 3/3
  1570 | D:2      | Found a shattered altar of Ashenzari.
  2121 | D:3      | Noticed a phantom
  2315 | D:3      | Killed a phantom
  2315 | D:3      | Reached XP level 5. HP: 26/46 MP: 4/4
  2335 | D:3      | Reached skill level 1 in Stealth
  2373 | D:3      | Found a sacrificial altar of Ru.
  2739 | D:4      | Found an ancient bone altar of Kikubaaqudgha.
  2888 | D:4      | Noticed Grinder
  2903 | D:4      | Paralysed by Grinder for 5 turns
  2923 | D:4      | Killed Grinder
  2923 | D:4      | Reached XP level 6. HP: 29/52 MP: 5/5
  2991 | D:4      | Noticed Blork the orc
  3001 | D:4      | Killed Blork the orc
  3001 | D:4      | Reached XP level 7. HP: 24/59 MP: 6/6
  3159 | D:4      | Found a sacrificial altar of Ru.
  3255 | D:4      | Found Qodgh's Distillery.
  3257 | D:4      | Bought a potion of curing for 42 gold pieces
  3485 | D:5      | Entered Level 5 of the Dungeon
  3485 | D:5      | Noticed Sigmund
  3492 | D:5      | Killed Sigmund
  3498 | D:5      | Found a snail-covered altar of Cheibriados.
  3531 | D:5      | Found a staircase to the Ecumenical Temple.
  3545 | Temple   | Entered the Ecumenical Temple
  3940 | D:5      | Noticed Dowan
  3948 | D:5      | Noticed Duvessa
  3951 | D:5      | Killed Dowan
  3960 | D:5      | Killed Duvessa
  3960 | D:5      | Reached skill level 5 in Fighting
  3960 | D:5      | Reached XP level 8. HP: 20/68 MP: 7/7
  4348 | D:6      | Reached skill level 5 in Shields
  4491 | D:6      | HP: 1/68 [scorpion (7)]
  4493 | D:6      | Slain by a scorpion

Skill      XL: |  1  2  3  4  5  6  7  8 |
---------------+-------------------------+-----
Shields        | 3 4 5 |  5.1
Long Blades    | 2 3 4 |  4.3
Dodging        | 1 2 3 |  3.5
Armour         | 3 4 |  4.7
Fighting       | 4 5 |  5.2
Stealth        | 1 |  1.6
Maces & Flails | |  0.6

Action                   |  1- 3 |  4- 6 |  7- 9 || total
-------------------------+-------+-------+-------++-------
Melee: Long sword        |   143 |   200 |   122 ||   465
       Flail             |       |       |    98 ||    98
  Use: Scroll            |     6 |       |     3 ||     9
       Potion            |       |       |     1 ||     1
  Eat: Chunk             |     3 |     8 |     5 ||    16
Armor: Scale mail        |    61 |    98 |    49 ||   208
       Plate armour      |       |       |    58 ||    58
Dodge: Dodged            |    35 |    57 |    65 ||   157
Block: Shield            |    69 |   124 |   119 ||   312
